 Dungeon Crawl Stone Soup version 0.31-a0-188-g5e087ee2ca (webtiles) character file.

Game seed: 12834355316605821813

478 qw the Skirmisher (level 6, -1/35 HPs)
             Began as a Deep Elf Hunter on June 23, 2023.
             Slain by a kobold
             ... wielding a +0 dagger
              (3 damage)
             ... on level 5 of the Dungeon.
             The game lasted 00:01:08 (3055 turns).

qw the Skirmisher (Deep Elf Hunter)                 Turns: 3055, Time: 00:01:08

Health: -1/35      AC:  4    Str: 10    XL:     6   Next: 86%
Magic:  8/8        EV: 13    Int: 14    God:
Gold:   92         SH:  0    Dex: 18    Spells: 5/5 levels left

rFire   . . .        Y - +0 shortbow
rCold   . . .        (shield currently unavailable)
rNeg    . . .        c - +0 leather armour {rPois}
rPois   +            k - +0 helmet
rElec   .            (no cloak)
rCorr   .            (no gloves)
SInv    .            (no boots)
Will    .....        f - amulet of regeneration
Stlth   ++           (no ring)
HPRegen 1.05/turn    (no ring)
MPRegen 0.11/turn

%: no passive effects
@: no status effects
A: no striking features
a: no special abilities


You were on level 5 of the Dungeon.
You visited 1 branch of the dungeon, and saw 5 of its levels.

You collected 345 gold pieces.
You spent 253 gold pieces at shops.


   Skills:
 - Level 2.0 Fighting
 + Level 10.0 Ranged Weapons
 - Level 4.0 Dodging
 - Level 1.2 Stealth


You had 5 spell levels left.
You didn't know any spells.
Your spell library was empty.

Inventory:

Hand Weapons
 Y - a +0 shortbow (weapon)
Armour
 b - a +0 ring mail
 c - a +0 leather armour of poison resistance (worn)
 k - a +0 helmet (worn)
Jewellery
 f - an amulet of regeneration (around neck)
Scrolls
 h - a scroll of enchant weapon {unknown}
 i - a scroll of identify
Potions
 a - a potion of curing {unknown}
 d - a potion of cancellation
 e - 3 potions of enlightenment
 g - 2 potions of haste
 j - a potion of invisibility {unknown}

Dungeon Overview and Level Annotations

Branches:
Dungeon (5/15)
 Temple: D:4-7

Altars:
Dithmenos
Nemelex Xobeh

Shops:
D:3 !   D:5 (


Message History

You shoot an arrow. The arrow closely misses the kobold.
The kobold hits you with a +0 short sword.
The kobold barely misses you. The kobold hits you but does no damage.
The kobold misses you.
You shoot an arrow. The arrow hits the kobold.
The kobold is heavily wounded.
The kobold misses you. The kobold closely misses you. The kobold misses you.
The kobold hits you with a +0 dagger.
You shoot an arrow. The arrow barely misses the kobold.
The kobold hits you with a +0 short sword.
The kobold closely misses you. The kobold hits you but does no damage.
The kobold hits you with a +0 dagger.
You shoot an arrow.
The arrow hits the kobold but does no damage.
The kobold is heavily wounded.
The kobold hits you but does no damage. The kobold closely misses you.
The kobold misses you. The kobold closely misses you.
You shoot an arrow. The arrow hits the kobold.
The kobold is severely wounded.
The kobold completely misses you. The kobold misses you. x3
You shoot an arrow. The arrow misses the kobold.
You shoot an arrow. The arrow hits the kobold!
You kill the kobold!
The kobold misses you. The kobold hits you with a +0 dagger.
The kobold closely misses you.
You shoot an arrow. The arrow barely misses the kobold.
The kobold hits you with a +0 club. The kobold hits you with a +0 dagger.
The kobold closely misses you.
You shoot an arrow.
The arrow hits the kobold but does no damage.
The kobold closely misses you. The kobold hits you with a +0 dagger.
The kobold hits you but does no damage.
You shoot an arrow. The arrow hits the kobold.
The kobold is moderately wounded.
The kobold hits you with a +0 short sword.
The kobold closely misses you. The kobold hits you with a +0 dagger.
You shoot an arrow. The arrow hits the kobold.
You kill the kobold!
The kobold barely misses you. The kobold hits you with a +0 dagger.
You die...

#.........#
#.....#
########..#
#####.# ####
#.# #### #.#
....# ### #.#
.....##.# #.#
......'.## #.#
......KK)###.#
#
.....))@)....#
#
$....##)####.#
.. ... ### #<#
#. # #.# ##
#.# ###


You could see 2 kobolds.

Vanquished Creatures
  Eustachio (D:4)
  A kobold brigand (D:5)
  A gnoll bouda (D:4)
  An orc priest (D:3)
  An iguana (D:4)
  A sleepcap (D:5)
  Ijyb (D:3)
  Robin (D:3)
  4 gnolls (D:4)
  An adder (D:4)
  3 dart slugs
  6 orcs
  12 endoplasms
  3 giant cockroaches
  8 hobgoblins
  3 quokkas
  6 ball pythons
  3 bats
  5 frilled lizards
  7 goblins
  9 kobolds
  2 rats
80 creatures vanquished.

Notes
Turn   | Place    | Note
-------+----------+-------------------------------------------
     0 | D:1      | qw the Deep Elf Hunter began the quest for the Orb.
     0 | D:1      | Reached XP level 1. HP: 12/12 MP: 3/3
     0 | D:1      | 0 ||| qw: Version: 0.3-a-9-g12657ce
     0 | D:1      | 0 ||| qw: Game counter: 3953
     0 | D:1      | 0 ||| qw: Always use a shield: true
     0 | D:1      | 0 ||| qw: God list: Okawaru
     0 | D:1      | 0 ||| qw: Allow faded altars: false
     0 | D:1      | 0 ||| qw: Do Orc after D:15 true
     0 | D:1      | 0 ||| qw: Do second Lair branch before Depths: true
     0 | D:1      | 0 ||| qw: Lair rune preference: random
     0 | D:1      | 0 ||| qw: Plans: Normal
     0 | D:1      | 0 ||| PLANNING D:1-11
     2 | D:1      | Noticed a minotaur
     4 | D:1      | Noticed a draconian
     4 | D:1      | Noticed a spriggan
     6 | D:1      | Noticed a vine stalker
     8 | D:1      | Noticed a tengu
     8 | D:1      | Noticed a vampire
    10 | D:1      | Noticed an ogre
    12 | D:1      | Noticed a gargoyle
    12 | D:1      | Noticed a ghoul
    14 | D:1      | Noticed a troll
    14 | D:1      | Noticed a human
    16 | D:1      | Noticed an elf
    16 | D:1      | Noticed a merfolk
    18 | D:1      | Noticed a meteoran
    18 | D:1      | Noticed a demigod
    20 | D:1      | Noticed an octopode
    20 | D:1      | Noticed a demonspawn
    22 | D:1      | Noticed a naga
    22 | D:1      | Noticed an armataur
    24 | D:1      | Noticed a formicid
    26 | D:1      | Noticed a demonspawn
    26 | D:1      | Noticed a troll
   295 | D:1      | 295 ||| FLEEEEING.
   297 | D:1      | Reached skill level 6 in Ranged Weapons
   297 | D:1      | Reached XP level 2. HP: 10/16 MP: 4/4
   809 | D:1      | 809 ||| READING scroll labelled NAMOCYTALL.
   810 | D:1      | 810 ||| READING scroll labelled YSEKKU GOMUEV.
   811 | D:1      | 811 ||| READING scroll labelled HUKUONEZIPP.
   812 | D:1      | 812 ||| READING scroll labelled CAR VEDEEPO.
   817 | D:1      | 817 ||| READING 3 scrolls labelled DIUGIU MANNOEN.
   818 | D:1      | 818 ||| READING 2 scrolls of identify.
   818 | D:1      | 818 ||| IDENTIFYING fizzy green potion
   819 | D:1      | 819 ||| DROPPING scroll of butterflies.
   820 | D:1      | 820 ||| DROPPING potion of magic.
   871 | D:2      | Reached XP level 3. HP: 20/20 MP: 5/5
   872 | D:2      | Found a sparkling altar of Nemelex Xobeh.
  1402 | D:2      | 1402 ||| UPGRADING to amulet of regeneration.
  1407 | D:2      | 1407 ||| READING scroll labelled ICRAAB GUMYGH.
  1408 | D:2      | 1408 ||| READING scroll labelled IPNOUT KEBOAJ.
  1409 | D:2      | 1409 ||| READING scroll labelled JAOJUWU LATE.
  1510 | D:2      | 1510 ||| DRINKING 2 clear potions.
  1511 | D:2      | 1511 ||| DROPPING potion of attraction.
  1656 | D:3      | Reached skill level 7 in Ranged Weapons
  1695 | D:3      | 1695 ||| Stepping ~*~*~tactically~*~*~ (outnumbered).
  1704 | D:3      | Reached XP level 4. HP: 25/25 MP: 6/6
  1729 | D:3      | Found Kepu Iri's Distillery.
  1737 | D:3      | 1737 ||| BUYING potion of cancellation (88 gold).
  1737 | D:3      | Bought a potion of cancellation for 88 gold pieces
  1737 | D:3      | 1737 ||| BUYING potion of enlightenment (55 gold).
  1737 | D:3      | Bought a potion of enlightenment for 55 gold pieces
  1737 | D:3      | 1737 ||| BUYING potion of haste (110 gold).
  1737 | D:3      | Bought a potion of haste for 110 gold pieces
  1737 | D:3      | 1737 ||| SHOPLISTING potion of heal wounds (55 gold, have
                  | 11).
  1852 | D:3      | Noticed Ijyb
  1852 | D:3      | Noticed Robin
  1857 | D:3      | 1857 ||| Stepping ~*~*~tactically~*~*~ (outnumbered).
  1866 | D:3      | Killed Robin
  1869 | D:3      | Killed Ijyb
  1870 | D:3      | Reached skill level 8 in Ranged Weapons
  2206 | D:3      | 2206 ||| UPGRADING to +0 ring mail.
  2216 | D:3      | 2216 ||| DROPPING +0 leather armour.
  2217 | D:3      | 2217 ||| UPGRADING to +0 helmet.
  2222 | D:3      | 2222 ||| READING 4 scrolls of identify.
  2222 | D:3      | 2222 ||| IDENTIFYING brown potion
  2223 | D:3      | 2223 ||| READING 3 scrolls of identify.
  2223 | D:3      | 2223 ||| IDENTIFYING metallic green potion
  2224 | D:3      | 2224 ||| READING 2 scrolls of identify.
  2224 | D:3      | 2224 ||| IDENTIFYING sapphire potion
  2225 | D:3      | 2225 ||| DROPPING potion of brilliance.
  2226 | D:3      | 2226 ||| DROPPING potion of lignification.
  2227 | D:3      | 2227 ||| DROPPING potion of berserk rage.
  2249 | D:4      | Reached XP level 5. HP: 29/29 MP: 7/7
  2345 | D:4      | HP: 5/29 [iguana (6)]
  2479 | D:4      | Noticed Eustachio
  2494 | D:4      | Killed Eustachio
  2495 | D:4      | Reached skill level 9 in Ranged Weapons
  2495 | D:4      | Reached XP level 6. HP: 34/34 MP: 8/8
  2534 | D:4      | Found a shadowy altar of Dithmenos.
  2652 | D:4      | Reached skill level 10 in Ranged Weapons
  2775 | D:4      | 2775 ||| UPGRADING to +0 leather armour of poison
                  | resistance.
  2785 | D:4      | 2785 ||| READING scroll labelled VOSATOECUBB.
  2836 | D:5      | Entered Level 5 of the Dungeon
  2850 | D:5      | Found Kelulank's Antique Weapon Shoppe.
  2859 | D:5      | 2859 ||| SHOPLISTING glowing shortbow (126 gold, have 56).
  3032 | D:5      | Reached skill level 3 in Dodging
  3042 | D:5      | HP: 8/35 [kobold/+0 club (2)]
  3047 | D:5      | HP: 3/35 [kobold/+0 short sword (2)]
  3052 | D:5      | HP: 4/35 [kobold/+0 club (1)]
  3054 | D:5      | HP: 1/35 [kobold/+0 dagger (1)]
  3055 | D:5      | Slain by a kobold

Levels and vault maps discovered:
D:1:      kb_arrival_jail, layout_basic, st_stairs_9, minmay_curled_crystal
D:2:      layout_basic, basic_altar
D:3:      layout_loops_ring, serial_shops, shop, nicolae_goblin_pals
D:4:      layout_basic, nicolae_dithmenos_shadow_blocks,
          hangedman_minor_gate_pass, uniq_eustachio
D:5:      cheibrodos_fertilizer, layout_loops_ring, lemuel_doored_altar,
          serial_shops, shop, grunt_decor_junction, kennysheep_generic_room_16

Skill      XL: |  1  2  3  4  5  6 |
---------------+-------------------+-----
Ranged Weapons | 6 7 8 9 10 | 10.0
Fighting       | 2 |  2.0
Dodging        | 4 |  4.0
Stealth        | |  1.2

Action                     |  1- 3 |  4- 6 || total
---------------------------+-------+-------++-------
   Fire: Shortbow          |    91 |   146 ||   237
    Use: Scroll            |     9 |     4 ||    13
         Potion            |     1 |       ||     1
 Armour: Leather armour    |     4 |    12 ||    16
         Ring mail         |       |     9 ||     9
  Dodge: Dodged            |     7 |    78 ||    85

Table legend:
 A = Non-vault XP
 B = Vault XP
 C = Vault XP percentage of total XP
 D = Non-vault monster count
 E = Vault monster count
 F = Vault count percentage of total count
                 A         B        C        D         E       F
            +---------+---------+-------+---------+---------+-------
      Total |     290 |     395 |  57.7 |      61 |      19 |  23.8
            +---------+---------+-------+---------+---------+-------
        D:1 |      33 |       5 |  13.2 |      18 |       3 |  14.3
        D:2 |      15 |       0 |   0.0 |       9 |       0 |   0.0
        D:3 |      69 |      61 |  46.9 |      16 |       8 |  33.3
        D:4 |     131 |     226 |  63.3 |      16 |       3 |  15.8
        D:5 |      42 |     103 |  71.0 |       2 |       5 |  71.4
            +---------+---------+-------+---------+---------+-------
